 Dungeon Crawl Stone Soup version 0.16-a0-3606-g1520cdc (webtiles) character file.

86 Charly the Insei (level 4, -4/28 HPs)
             Began as an Octopode Transmuter on Jan 13, 2015.
             Was a Follower of Cheibriados.
             Killed from afar by Grinder (9 damage)
             ... with a wand of frost
             ... while paralysed by Grinder
             ... on level 3 of the Dungeon.
             The game lasted 00:15:06 (1128 turns).

Charly the Insei (Octopode Transmuter)              Turns: 1128, Time: 00:15:06

Health: -4/28      AC:  1    Str: 11    XL:     4   Next: 50%
Magic:  7/7        EV:  2    Int: 17    God:    Cheibriados [*.....]
Gold:   108        SH:  0    Dex: 15    Spells: 3 memorised, 1 level left

rFire  . . .     SeeInvis .     a - +0 blowgun
rCold  . . .     Clarity  .     (no shield)
rNeg   . . .     SustAb   +     (helmet restricted)
rPois  .         Gourm    .     (no amulet)
rElec  .         Spirit   .     p - ring of sustain abilities
rCorr  .         Warding  .     (no ring)
rMut   .         Stasis   .     (no ring)
MR     .....                    (no ring)
Stlth  ++........               (no ring)
                                (no ring)
                                (no ring)
                                (no ring)

@: paralysed, very slow, not resistant to hostile enchantments, unstealthy
A: almost no armour, amphibious, 8 rings, constrict 8, camouflage 1, gelatinous
body 1
a: Bend Time, Renounce Religion


You were on level 3 of the Dungeon.
You worshipped Cheibriados.
Cheibriados was aware of your devotion.
You were near starving.

You visited 1 branch of the dungeon, and saw 3 of its levels.

You collected 108 gold pieces.

Inventory:

Hand weapons
 a - a +0 blowgun (weapon)
Missiles
 b - 7 arrows
 q - 10 poisoned needles (quivered)
Jewellery
 p - a ring of sustain abilities (left tentacle)
Scrolls
 e - 2 scrolls of teleportation {unknown}
 g - a scroll of remove curse {unknown}
 k - a scroll of amnesia {unknown}
 n - a scroll of magic mapping {unknown}
Potions
 c - a potion of poison {unknown}
 h - a potion of brilliance
 i - a potion of curing
 l - 2 potions of heal wounds
 o - a potion of ambrosia {unknown}
Books
 d - a book of Changes

   Spells                             Type                      Level
   a - Beastly Appendage              Transmutation                1
   b - Sticks to Snakes               Transmutation                2
   c - Spider Form                    Transmutation/Poison         3
   d - Ice Form                       Ice/Transmutation            4
   e - Blade Hands                    Transmutation                5
Comestibles
 f - 3 bread rations
 j - a beef jerky
 m - a slice of pizza


   Skills:
 - Level 1.0 Fighting
 - Level 2.0 Dodging
 + Level 3.9 Unarmed Combat
 - Level 2.0 Spellcasting
 + Level 3.4 Transmutations
 + Level 1.6 Poison Magic


You had one spell level left.
You knew the following spells:

 Your Spells              Type           Power        Failure   Level  Hunger
b - Beastly Appendage     Trmt           ##....       6%          1    #......
s - Sticks to Snakes      Trmt           ##........   10%         2    ###....
S - Spider Form           Trmt/Pois      ##........   21%         3    ###....


Dungeon Overview and Level Annotations

Branches:
Dungeon (3/15)

Altars:
Cheibriados
Xom
Zin

Annotations:
D:3 EdwardR's ghost, average MiFi; Grinder


Innate Abilities, Weirdness & Mutations

You cannot wear most types of armour.
You are amphibious.
You can wear up to eight rings at the same time.
You can use your tentacles to constrict many enemies at once.
Your skin changes colour to match your surroundings (Stealth).
Your rubbery body absorbs attacks (AC +1).


Message History

Grinder gestures at you. You resist with significant effort.
a - a +0 blowgun (weapon)
Casting: Beastly Appendage
Confirm with . or Enter, or press ? or * to list all spells.
Your +0 blowgun feels slithery for a moment!
Grinder gestures at you.
You suddenly lose the ability to move!
Grinder gestures.
Grinder blinks!
Grinder zaps a wand.
The puff of frost hits you!
You are near starving!
Grinder gestures at you. Pain shoots through your body!
Grinder zaps a wand.
The puff of frost hits you!
* * * LOW HITPOINT WARNING * * *
Grinder says, "You look like you could use a good racking."
Grinder zaps a wand.
Helpless, you fail to dodge the puff of frost.
You die...

5.# ###.###########
####......#......########
#.......#..........##8.8##
#.##.#).#...###..###..<..##
#####.##.#.......†..[##)......#
.........##.#...##..##...###...#
#####.##.##.#..5##..#8.8## #8.8#
#...........@...##'## #.##
####.########....†.# .# #.#
#...#### # ########.## #...#
..........# #...# ##..####..#
#...# #.....#..#######...#######
#..#.)....................
.................>.........


You could see Grinder.

Vanquished Creatures
  Ijyb (D:3)
  An adder (D:3)
  A worm (D:3)
  2 giant geckos
  An ooze (D:2)
  3 orcs (D:3)
  2 bats
  4 giant cockroaches (D:1)
  4 hobgoblins
  6 jackals
  A quokka (D:2)
  5 giant newts
  5 goblins
  4 kobolds
  5 rats
45 creatures vanquished.

Vanquished Creatures (collateral kills)
  An adder (D:2)
  A hobgoblin (D:2)
2 creatures vanquished.

Grand Total: 47 creatures vanquished

Notes
Turn   | Place    | Note
--------------------------------------------------------------
     0 | D:1      | Charly, the Octopode Transmuter, began the quest for the Orb.
     0 | D:1      | Reached XP level 1. HP: 13/13 MP: 3/3
   170 | D:1      | Reached XP level 2. HP: 18/18 MP: 4/4
   174 | D:1      | Learned a level 2 spell: Sticks to Snakes
   747 | D:2      | Reached XP level 3. HP: 16/23 MP: 4/6
   756 | D:2      | Learned a level 3 spell: Spider Form
   845 | D:2      | Found a shimmering altar of Xom.
   846 | D:2      | Found a snail-covered altar of Cheibriados.
   846 | D:2      | Found a glowing silver altar of Zin.
   856 | D:2      | Became a worshipper of Cheibriados the Contemplative
   895 | D:3      | Noticed Ijyb
   907 | D:3      | Killed Ijyb
   909 | D:3      | Reached skill level 1 in Poison Magic
   914 | D:3      | Reached XP level 4. HP: 26/28 MP: 4/7
   937 | D:3      | Noticed EdwardR's ghost (average MiFi)
  1115 | D:3      | Noticed Grinder
  1122 | D:3      | Paralysed by Grinder for 7 turns
  1128 | D:3      | Killed from afar by Grinder

Action                   |  1- 3 |  4- 6 || total
-------------------------+-------+-------++-------
Melee: Unarmed           |    74 |    28 ||   102
 Cast: Beastly Appendage |     7 |     3 ||    10
       Sticks to Snakes  |     5 |       ||     5
       Spider Form       |     1 |     1 ||     2
Invok: Bend Time         |       |     1 ||     1
 Abil: End Transformatio |       |     1 ||     1
  Use: Scroll            |       |     4 ||     4
 Stab: Sleeping          |     5 |     2 ||     7
